[Event "1st Kallai Gabor Memorial 2022"]
[Site "Budapest"]
[Date "2022.11.29"]
[Round "6.4"]
[White "Ruck, Robert"]
[Black "Horvath, Csaba"]
[Result "1/2-1/2"]
[ECO "A04"]
[WhiteElo "2537"]
[BlackElo "2502"]
[Annotator "TA"]
[PlyCount "79"]
[EventDate "2022.11.28"]
[EventType "tourn"]
[EventCountry "HUN"]
[SourceTitle "playchess.com"]
[Source "ChessBase"]
[SourceQuality "1"]
[TimeControl "1500+5"]

1. Nf3 g6 2. e4 d5 3. exd5 Qxd5 4. Nc3 Qd6 5. d4 Nf6 6. Bc4 Bg7 7. O-O {[%emt 0:00:16] B01: Scandinavian Defence.} O-O 8. h3 (8. Ne5 {seems wilder.} Nc6 9. Nb5 Qd8 10. Re1) 8... b6 9. Nb5 {[%emt 0:00:58] White is slightly better.} Qd8 10. Bf4 {[%emt 0:00:04] [#]} Ba6 $146 ({Predecessor:} 10... Na6 11. Qe2 c6 12. Nc3 Nb4 13. Rfe1 a5 14. a3 Nbd5 15. Bxd5 Nxd5 16. Nxd5 Qxd5 17. Qxe7 Bxh3 {1-0 (37) Palac,M (2572)-Stevic,H (2624) Opatija 2012}) 11. Qe2 (11. Bxc7 $2 {too greedy.} Qc8 12. a4 Bxb5 13. axb5 Qxc7 $19) 11... c6 12. Nc3 (12. Na3 $5 b5 13. Bd3 $14) 12... Bxc4 13. Qxc4 b5 14. Qe2 Nbd7 15. Rfe1 e6 16. Rad1 Nb6 17. Bg5 Qc7 18. Bh4 Nbd5 19. Qd3 Nxc3 20. Qxc3 Nd5 21. Qd2 c5 22. Bg3 Qb6 23. dxc5 Qxc5 24. Be5 Rfd8 25. c3 (25. Bxg7 {simplifies} Kxg7 26. Nd4 Qb6 27. a3) 25... Qb6 26. Bxg7 Kxg7 27. Qg5 Qc7 28. Rd4 (28. Nd4 {with more complications.} h6 29. Qg4 Qc4 30. Qg3) 28... f6 (28... h6 $5 29. Qc1 Rab8 $11) 29. Qd2 Qf7 (29... Rd6 $11 {remains equal.}) 30. Nh2 {[%emt 0:00:45] White is more active.} ({Don't play} 30. Rh4 e5 $15) ({White should try} 30. Rd3 $16) 30... e5 $11 31. Rd3 {[%emt 0:00:03] [#] Threatens to win with Rd1.} ({But not} 31. Rh4 Nf4 32. Qe3 h5 33. Rxf4 exf4 34. Qxf4 Re8 $17) 31... Rd7 32. Rd1 Rad8 33. Ng4 h5 34. Qh6+ Kg8 35. Ne3 {[%emt 0:00:03] [#] And now Rxd5 would win. The position is equal.} Nb6 36. Rxd7 Rxd7 37. Rxd7 Nxd7 38. b3 Qg7 39. Qxg7+ Kxg7 40. Kf1 {[%emt 0:00:29] Weighted Error Value: White=0.09 (flawless) /Black=0.07 (flawless)} 1/2-1/2

[Event "1st Kallai Gabor Memorial 2022"]
[Site "Budapest"]
[Date "2022.11.29"]
[Round "6.5"]
[White "Berkes, Ferenc"]
[Black "Borhy, Marcell"]
[Result "1/2-1/2"]
[ECO "D31"]
[WhiteElo "2643"]
[BlackElo "2407"]
[Annotator "TA"]
[PlyCount "91"]
[EventDate "2022.11.28"]
[EventType "tourn"]
[EventCountry "HUN"]
[SourceTitle "playchess.com"]
[Source "ChessBase"]
[SourceQuality "1"]
[TimeControl "1500+5"]

1. d4 d5 2. c4 e6 3. Nc3 Bb4 4. e3 Nf6 5. a3 Bxc3+ 6. bxc3 c6 {[%emt 0:00:02] E40: Nimzo-Indian: Rubinstein (4 e3): Unusual Black 4th moves.} 7. cxd5 {[%emt 0:01:34] 7.a4 is the modern continuation.} cxd5 {[%emt 0:00:03] [#]} 8. Bb5+ $146 ({Predecessor:} 8. Nf3 b6 9. Bd3 O-O 10. Qe2 Nc6 11. O-O Ne4 12. Qc2 f5 13. a4 Bb7 14. Ba3 {1-0 (34) Esipenko,A (2682)-Gordievsky,D (2559) Chess.com INT 2020}) 8... Bd7 9. Bd3 O-O 10. Ne2 Nc6 11. O-O e5 12. f3 Re8 13. Ng3 h5 14. Bb1 g6 ({Black should try} 14... Na5 $15) 15. Ra2 (15. e4 $14) 15... h4 $11 16. Nh1 Na5 17. Nf2 (17. dxe5 {feels hotter.} Rxe5 18. Rb2 Nc4 19. Qd4) 17... e4 18. fxe4 dxe4 19. Rb2 Rc8 (19... b5 $15) 20. d5 (20. Ba2 $1 $11) 20... Bf5 (20... Rxc3 21. Rb4 h3 22. gxh3 Rxc1 23. Qxc1 $14) (20... Nc4 $17 21. Qd4 (21. Rxb7 Nd6 $15) 21... b5) 21. Ba2 $1 {Inhibits h3.} Nc4 $36 {[%emt 0:00:00][%mdl 2048] Black is more active.} (21... Rxc3 22. Qd4 Rxa3 23. Qb4 Rxa2 24. Rxa2 $16) 22. Rb4 (22. Rxb7 $11 Qxd5 23. Rxa7) 22... Nb6 (22... Ne5 $17 23. Rxb7 Qd6) 23. c4 {[%emt 0:00:07] Qd4 is the strong threat.} a5 24. Rb1 (24. Rb5 $14 Nxc4 25. Qd4) 24... Nxc4 $15 25. Qd4 Ne5 {[%emt 0:01:24][%cal Oh4h3] And now ...h3! would win.} 26. Rxb7 (26. Bb2 $1 $15) 26... h3 $1 $19 {[%emt 0:00:35] aiming for ...hxg2.} 27. Bb2 $2 (27. Qb6 {was the only defense.}) 27... hxg2 28. Kxg2 Rc2 29. d6 $2 (29. Bb3 Bh3+ 30. Kxh3 Qc8+ 31. Kg2 Rxb2 32. Qxb2 Qxb7 33. Qc3) 29... Nfg4 $2 {[%emt 0:01:04] Pair of Knights!} (29... Nfd7 $1 $19 {Strongly threatening ...Qh4.} 30. Bb3 Re2 31. Bxf7+ Kxf7) 30. Rxf7 $11 {[%emt 0:01:54] Hoping for Rd7+.} Be6 {[%emt 0:00:40] [#] Prevents Rd7.} (30... Rxb2 $11 {keeps the balance.} 31. Rd7+ Rxa2 32. Rxd8 Rxd8) 31. d7 {[%emt 0:01:49] Dancing on a razor blade.} (31. Bxe6 $6 Rxe6 32. Kh3 (32. Kh1 Nxh2 33. Re7 Rxe7 $15) 32... Rxd6 33. Nxg4 Rxd4 34. Nh6+ Kh8 35. Bxd4 Qg5 36. Bxe5+ Qxe5 $11) (31. Rf4 $1 $16 Bxa2 {[#]} 32. Rxg4 $1) 31... Bxf7 {[%emt 0:01:04] The position is equal.} (31... Nxf7 $2 32. Qg7#) (31... Kxf7 {keeps more tension.} 32. dxe8=Q+ Qxe8 33. Kg3 Nxh2 34. Rh1 Rxf2 35. Qxe5 Rf3+) 32. Bxf7+ Kxf7 33. Kg3 Rxf2 (33... Qxd7 34. Nxg4+ Ke7 35. Qxe5+ Kd8 36. Qb8+ Rc8 37. Bf6+ Re7 38. Qb3 $18) (33... Nxe3 $2 34. Qxe3 (34. dxe8=R $2 Qg5+ 35. Ng4+ Nxf1+ 36. Kh3 Qxg4#) 34... Rxb2 35. Nd1+ (35. dxe8=B+ Kxe8 36. Nxe4 Qd3 $11) (35. Nxe4+ Kg7 $11) 35... Kg7 36. dxe8=N+ (36. Nxb2 $2 Qxd7 37. Qxe4 Qd2 $19) 36... Qxe8 37. Nxb2 $18) 34. Rxf2+ (34. dxe8=R $2 {perishes.} Qf6 35. Qd5+ (35. Rxe5 $2 {leads to mate.} Qf3+ 36. Kh4 Rxh2+ 37. Kg5 Rh5#) 35... Kxe8 $19) 34... Nxf2 35. dxe8=Q+ (35. dxe8=R $2 {too greedy.} Qg5+ 36. Kxf2 Nd3+ 37. Kf1 Qf5+ 38. Ke2 Qh5+ 39. Kd2 Qxh2+ 40. Kd1 Nxb2+ 41. Kc1 Nd3+ 42. Kb1 Qh1+ 43. Ka2 Kxe8 $19) 35... Qxe8 36. Kxf2 {[%emt 0:00:39][%mdl 4096] Endgame KQB-KQN} Nd3+ 37. Ke2 {[%emt 0:00:06] Threatening mate with Qf6+.} Nxb2 38. Qxb2 {[%emt 0:00:01] KQ-KQ} a4 39. Qb7+ Kf6 40. Qd5 Qb8 41. Qd4+ Kf5 42. Qd7+ Kf6 43. Qd4+ Kf5 44. Qd5+ Kf6 45. Qc6+ Kf5 46. Qd7+ {[%emt 0:00:04] Weighted Error Value: White=0.39/Black=0.36} 1/2-1/2

[Event "1st Kallai Gabor Memorial 2022"]
[Site "Budapest"]
[Date "2022.11.30"]
[Round "7.1"]
[White "Beliavsky, Alexander G"]
[Black "Kozak, Adam"]
[Result "0-1"]
[ECO "E10"]
[WhiteElo "2487"]
[BlackElo "2538"]
[Annotator "TA"]
[PlyCount "142"]
[EventDate "2022.11.28"]
[EventCountry "HUN"]
[SourceTitle "playchess.com"]
[Source "ChessBase"]
[SourceQuality "1"]
[TimeControl "1500+5"]

1. d4 Nf6 2. c4 e6 3. Nf3 d5 4. g3 Bb4+ 5. Bd2 Be7 6. Bg2 O-O 7. O-O Nbd7 8. Qc2 c6 9. Rd1 b6 10. Bf4 Bb7 11. Ne5 {[%emt 0:01:06] The main line 11.Ne5 scores better than 11.Nc3.} Nh5 {[%emt 0:00:06] E08: Closed Catalan: Main Line: 7 Qc2.} 12. Bc1 Nhf6 13. cxd5 cxd5 {[%emt 0:00:01] The position is equal.} 14. Nc6 Bxc6 15. Qxc6 Qb8 16. Qb5 {[%emt 0:01:02] [#]} a6 $146 ({Predecessor:} 16... Rc8 17. Nc3 a6 18. Qd3 b5 19. Bf4 Qb7 20. e4 dxe4 21. Nxe4 Nd5 22. Bd6 N7b6 23. Nc5 Qa7 24. Bxe7 Qxe7 {½-½ (35) Schreiner,P (2487)-Sadilek,P (2244) Graz 2014}) 17. Qd3 b5 18. a4 Rc8 19. axb5 Qxb5 20. Nc3 Qb3 {[%emt 0:00:17][%mdl 8192] [#]} (20... Qxd3 $11 {and Black has nothing to worry.} 21. Rxd3 Bb4) 21. Na4 $2 (21. Rxa6 $2 {perishes.} Rxa6 22. Qxa6 Rxc3 $19) (21. Nxd5 $1 $18 Qxd1+ 22. Qxd1 exd5 23. Bf4) 21... Qb5 $11 22. Bf1 Qb7 23. Bf4 Ne4 24. Rdc1 g5 25. Be3 Qb5 26. Qd1 Nb6 27. Nxb6 Qxb6 28. Ra2 Nd6 29. Rxc8+ Rxc8 30. Bc1 Qc6 31. Ra1 Qc2 {[%emt 0:00:33] Inhibits e3.} 32. Qxc2 Rxc2 33. e3 a5 34. Bd3 Rc8 35. Bd2 Bd8 36. Kf1 Rb8 37. Ra2 g4 38. Ke2 f5 39. Kd1 Ne4 40. Be1 Kf7 41. Kc2 Ke7 42. b3 h5 43. Kb2 Kd7 44. Ka3 Be7+ 45. Kb2 Bb4 46. Bxb4 axb4 47. Bxe4 fxe4 {[%emt 0:00:01][%mdl 4096] Endgame KR-KR} 48. Ra7+ Kd6 {[%emt 0:00:02] [#] aiming for ...Rf8.} 49. Ra6+ Kd7 {[%emt 0:00:03] And now ...Rf8 would win.} 50. Ra7+ $1 Kd6 {[%emt 0:00:00] Threatens to win with ...Rf8.} (50... Kc6 $5 51. Rf7 Rc8 $15) 51. Ra6+ Ke7 52. Ra7+ Kf6 53. Rc7 {[%emt 0:00:23] White is now going downhill.} (53. Kc1 $15) 53... h4 54. Rc2 ({Of course not} 54. gxh4 Rh8 55. Kc2 Rxh4 $19) (54. Kc1 $17) 54... h3 $19 {[%emt 0:00:08] ...e5 is the strong threat.} 55. Kb1 $2 (55. Rc6 Rf8 56. Rc7) 55... Ke7 $2 (55... Rf8 $19 56. Rc6 Ke7 57. Rc7+ Kd6) 56. Kb2 $2 ({White must play} 56. Rc7+ $1 $15 Kf6 57. Kc2) 56... Kd6 {[%emt 0:00:01] Strongly threatening ...e5.} 57. Kb1 Rf8 58. Kc1 e5 59. dxe5+ Kxe5 60. Kb2 d4 61. exd4+ Kxd4 {[%emt 0:00:01] ( -> ...Kd3)} 62. Rd2+ Ke5 63. Rc2 Rf3 64. Re2 Kd4 (64... e3 $142 65. fxe3 Ke4) 65. Rc2 Kd3 {[%emt 0:00:06] Against Rd2+. Black mates.} 66. Kc1 e3 67. fxe3 Rf1+ 68. Kb2 Kxe3 69. Rc4 Rf2+ 70. Kb1 Rxh2 71. Rxg4 Rg2 {[%emt 0:00:02] Weighted Error Value: White=0.52/Black=0.33} 0-1

[Event "1st Kallai Gabor Memorial 2022"]
[Site "Budapest"]
[Date "2022.11.30"]
[Round "7.2"]
[White "Horvath, Csaba"]
[Black "Berkes, Ferenc"]
[Result "0-1"]
[ECO "D11"]
[WhiteElo "2502"]
[BlackElo "2643"]
[Annotator "TA"]
[PlyCount "86"]
[EventDate "2022.11.28"]
[EventCountry "HUN"]
[SourceTitle "playchess.com"]
[Source "ChessBase"]
[SourceQuality "1"]
[TimeControl "1500+5"]

1. d4 Nf6 2. Nf3 d5 3. c4 c6 4. e3 a6 5. Bd3 Bg4 6. Qb3 {[%emt 0:00:58] D11: Slav Defence: 3 Nf3 sidelines and 3...Nf6 4 e3 Bg4.} Bxf3 7. gxf3 Qc7 8. Nc3 {[%emt 0:00:15][%cal Rc4d5] The position is equal.} e6 9. f4 Nbd7 10. c5 b6 11. cxb6 {[%emt 0:00:02] [#]} Qxb6 $146 ({Predecessor:} 11... Nxb6 12. Bd2 Bd6 13. Rc1 O-O 14. Na4 Nxa4 15. Qxa4 Rfc8 16. b4 Ne4 17. Bxe4 dxe4 {0-1 (65) Sasikiran,K (2675)-Kazhgaleyev,M (2609) Doha 2006}) 12. Qxb6 Nxb6 13. Bd2 Nfd7 14. Ne2 c5 15. dxc5 Nxc5 16. Bc2 Be7 17. Bc3 Bf6 18. Bxf6 gxf6 19. b4 Nca4 20. Bb3 Ke7 21. Rc1 {[%emt 0:01:21] Hoping for Rc7+.} Rhc8 {[%emt 0:00:27] Inhibits Rc7+.} 22. Kd2 Nb2 23. Nd4 N2c4+ 24. Ke2 (24. Kd3 {seems wilder.} a5 25. a3 Kd7 26. Rhg1) 24... Na3 25. Rhg1 Nb5 26. Nc6+ (26. f5 {simplifies} Rxc1 27. Rxc1 Nxd4+ 28. exd4 Kd6 29. Rc5) 26... Kd7 27. Na5 Ke7 28. Kd3 Nd6 29. f3 h5 30. Rc5 (30. e4 {with more complications.} dxe4+ 31. fxe4 f5 32. e5) 30... Nd7 {[%emt 0:00:31] Pair of Knights!} 31. Rc6 (31. Nc6+ {keeps more tension.} Kf8 32. Rc2 Nb6 33. e4) 31... Rxc6 32. Nxc6+ Kf8 33. e4 ({White should try} 33. Rc1 $14) 33... dxe4+ $11 34. fxe4 Rc8 35. Na5 Rb8 36. a3 Nb5 37. Ba4 Nxa3 38. Bxd7 {[#] Threatens to win with Ra1.} Rd8 39. Ke3 {[%emt 0:00:40] aiming for Ba4.} Rxd7 40. Rc1 {[%emt 0:00:02] Prevents Nc2+.} Rd6 41. Rc7 (41. Nc6 $11 {keeps the balance.}) 41... Rb6 (41... Rd1 $17 42. Nb7 Re1+ 43. Kd3 Rb1) 42. Nc6 $2 (42. Rc8+ $11 {and White is okay.} Kg7 43. Rc3) 42... Nc2+ $19 43. Kf3 $2 {[%emt 0:00:04] [#]} (43. Kd2 Nxb4 44. Rc8+ Kg7 45. Na5) 43... Rxc6 $1 {[%emt 0:00:02][%mdl 512] Weighted Error Value: White=0.39/Black=0.11 (very precise)} 0-1

[Event "1st Kallai Gabor Memorial 2022"]
[Site "Budapest"]
[Date "2022.11.30"]
[Round "7.3"]
[White "Borhy, Marcell"]
[Black "Motylev, Alexander"]
[Result "1/2-1/2"]
[ECO "D37"]
[WhiteElo "2407"]
[BlackElo "2628"]
[Annotator "TA"]
[PlyCount "36"]
[EventDate "2022.11.28"]
[EventCountry "HUN"]
[SourceTitle "playchess.com"]
[Source "ChessBase"]
[SourceQuality "1"]
[TimeControl "1500+5"]

1. Nf3 d5 2. d4 Nf6 3. c4 e6 4. Nc3 Nbd7 5. Bg5 h6 6. Bh4 c6 7. e3 Be7 8. Bd3 dxc4 9. Bxc4 b5 10. Bd3 Bb7 11. O-O O-O 12. Rc1 Rc8 13. Qe2 {[%emt 0:00:52] D66: Queen's Gambit Declined: Classical: Main Line (7 Rc1 c6 8 Bd3).} b4 14. Ne4 c5 {[%emt 0:03:30] The position is equal.} 15. Nxf6+ Nxf6 16. dxc5 Nd7 {[%emt 0:02:00] Against Ne5} 17. Bxe7 Qxe7 {[%emt 0:00:02] [#]} 18. Ba6 $146 ({Predecessor:} 18. c6 Rxc6 19. Rxc6 Bxc6 20. Rc1 Bxf3 21. Qxf3 Ne5 22. Qe4 Nxd3 23. Qxd3 Rd8 24. Qe2 {½-½ (31) Franke,H (2395)-Gaprindashvili,N (2485) Berlin West 1988}) 18... Bxa6 {[%emt 0:00:05] An interesting draw.   Weighted Error Value: White=0.08 (flawless) /Black=0.00 (flawless)} (18... Nxc5 $11 19. Bxb7 Qxb7) 1/2-1/2

[Event "1st Kallai Gabor Memorial 2022"]
[Site "Budapest"]
[Date "2022.11.30"]
[Round "7.4"]
[White "Gaal, Zsoka"]
[Black "Bjerre, Jonas Buhl"]
[Result "0-1"]
[ECO "A04"]
[WhiteElo "2286"]
[BlackElo "2622"]
[Annotator "TA"]
[PlyCount "100"]
[EventDate "2022.11.28"]
[EventCountry "HUN"]
[SourceTitle "playchess.com"]
[Source "ChessBase"]
[SourceQuality "1"]
[TimeControl "1500+5"]

1. Nf3 c5 2. c4 Nc6 3. Nc3 g6 4. e3 Bg7 5. d4 d6 6. d5 Ne5 7. Nxe5 Bxe5 8. Bd3 e6 {[%emt 0:00:02] A35: Symmetrical English: 2 Nc3 Nc6 3 Nf3.} 9. e4 exd5 10. cxd5 (10. exd5 $5 Ne7 11. Bg5 $14) 10... a6 {[%emt 0:00:02] [#] The position is equal.} 11. a4 $146 ({Predecessor:} 11. O-O) 11... Nf6 12. h3 {[%emt 0:00:55] Against Ng4} O-O 13. O-O (13. Bg5 $14) 13... Nh5 $11 14. Bh6 {[%emt 0:01:45] [#]} (14. Ne2 {keeps more tension.} Qh4 15. Bh6 Bxh3 16. f4) 14... Re8 ({Black should try} 14... Nf4 $1 $15) 15. Qd2 (15. f4 {is interesting.} Bd4+ 16. Kh2 Qh4 17. Qf3) 15... Bd7 16. Be2 Nf6 17. Rfe1 Qa5 18. Bf3 Qb4 19. Bf4 b5 20. axb5 Bxb5 21. Bxe5 Rxe5 22. g3 Nd7 23. Bg2 Ree8 24. f4 Rab8 25. Kh2 f6 26. h4 Nb6 27. Qc2 Bd7 28. Rxa6 Nc4 {[%emt 0:00:06] Against b3} 29. Rb1 (29. Re2 $5) 29... Bb5 30. Nxb5 Qxb5 31. Qa4 Qxa4 32. Rxa4 Nd2 33. Rd1 Rxb2 34. Ra6 (34. Kh3 $1 $11) 34... Nxe4 $17 35. Re1 f5 $36 {[%emt 0:00:32][%cal Bf6f5,Bf5e4,Be4e3][%mdl 2080] Hoping for ...Rd2. White is under strong pressure.} 36. Kg1 c4 {[%emt 0:00:24] aiming for ...c3. Black has more active pieces.} 37. Rc6 Rc2 (37... Rb3 $6 38. Bxe4 fxe4 39. Kf2 $15) 38. Bxe4 Rxe4 (38... fxe4 $6 39. Kf1 $11) 39. Rxe4 fxe4 40. Rxd6 {[%mdl 4096] Endgame [#] KR-KR} (40. Kf1 $142) 40... c3 $1 41. Kf1 $2 {[%emt 0:00:24][%mdl 8192] Now White is beyond hope.} (41. Rc6 $17) 41... Rd2 42. Ke1 e3 43. Rc6 c2 (43... Rxd5 44. Rxc3 Kg7 45. Rxe3 $14) 44. d6 Kf7 ({Not} 44... Rd1+ 45. Ke2 $16) 45. Rc7+ Ke6 46. d7 Ke7 ({Inferior is} 46... Rxd7 47. Rxc2 Kf5 48. Ke2 $11) 47. f5 gxf5 ({Weaker is} 47... Rd1+ 48. Ke2 $11) 48. Rc3 Rd1+ 49. Ke2 c1=Q (49... c1=N+ $2 50. Kxd1 Na2 51. Rxe3+ Kd8 52. Ra3 $18) 50. Rxc1 Rxc1 {[%emt 0:00:01] Weighted Error Value: White=0.23 (precise) /Black=0.26 (precise)} 0-1

[Event "1st Kallai Gabor Memorial 2022"]
[Site "Budapest"]
[Date "2022.11.30"]
[Round "7.5"]
[White "Troff, Kayden"]
[Black "Ruck, Robert"]
[Result "1-0"]
[ECO "B10"]
[WhiteElo "2483"]
[BlackElo "2537"]
[Annotator "TA"]
[PlyCount "145"]
[EventDate "2022.11.28"]
[EventCountry "HUN"]
[SourceTitle "playchess.com"]
[Source "ChessBase"]
[SourceQuality "1"]
[TimeControl "1500+5"]

1. e4 c6 2. Ne2 d5 3. e5 c5 4. d4 Nc6 5. c3 cxd4 6. cxd4 {[%emt 0:00:05] B12: Caro-Kann: Advance Variation.} Bf5 7. Nbc3 e6 8. a3 {Prevents Nb4. The position is equal.} Nge7 9. Ng3 Bg6 {[%emt 0:00:35] [#]} 10. Be3 $146 ({Predecessor:} 10. Bd3 Rc8 11. O-O Bxd3 12. Qxd3 Ng6 13. Be3 Be7 14. f4 Nh4 15. f5 exf5 16. Nxf5 Nxf5 17. Qxf5 {1-0 (42) Naiditsch,A (2720)-Najer,E (2663) Porto Vecchio 2015}) 10... Nf5 11. Nxf5 Bxf5 12. Bd3 Bxd3 13. Qxd3 Be7 14. b4 Rc8 15. O-O h5 16. Rac1 g6 17. f4 Qd7 18. h3 h4 19. Bf2 Kf8 20. Nd1 Kg7 {[%emt 0:01:48][%cal Oc6e5] Strongly threatening ...Nxe5!} 21. Ne3 a5 22. b5 Na7 23. a4 Rxc1 24. Rxc1 Rc8 25. Rc2 Bd8 26. Ng4 {[%emt 0:01:27] White has more active pieces.} Rxc2 27. Qxc2 Qc8 (27... Nc8 $16 {might work better.}) 28. Qd2 $18 Kf8 (28... b6 $16 29. f5 exf5) 29. f5 (29. Nf6 $1 $18) 29... exf5 $16 30. Qh6+ (30. Nf6 $1 $16 Bxf6 31. exf6) 30... Ke8 $2 (30... Kg8 $14 31. Nf6+ Bxf6 32. exf6 Qf8) 31. Ne3 $2 (31. Qh8+ $18 {and the rest is easy.} Kd7 32. e6+ (32. Nf6+ Bxf6 33. Qxf6 Qc1+ 34. Kh2 Qf4+ 35. Kh1 Qxf2 $11) 32... Kxe6 33. Qe5+ (33. Bxh4 $2 Qc1+ 34. Kh2 Bxh4 $19) 33... Kd7 34. Qxd5+ Kc7 35. Ne5 (35. Qxf7+ Kb8 $16)) 31... Qe6 32. Qh8+ (32. Bxh4 $16 {Threatening mate with Qh8+.} Bxh4 33. Qxh4) 32... Kd7 $11 33. Bxh4 Bxh4 (33... g5 {is more complex.} 34. Be1 Nc8 35. Qf8 Ne7) 34. Qxh4 {[%emt 0:00:01][%mdl 4096] Endgame KQN-KQN} Nc8 35. Qe1 Qb6 (35... f6 $5 ) 36. Qc3 (36. Nxd5 $2 Qxd4+ 37. Ne3 Nb6 $19) 36... Ne7 37. Kh2 (37. Nc2 {simplifies} Qc7 38. Qc5 Qxc5 39. dxc5 Ke6 40. Nd4+) 37... Qc7 {[%emt 0:00:10] [#]} (37... f6 $11) 38. Qb3 (38. Qxc7+ $1 $16 Kxc7 39. g3) 38... Ke6 39. g4 (39. g3 $5 ) 39... f4 (39... f6 {simplifies} 40. gxf5+ gxf5 41. Ng2 fxe5 42. Qg3 Qd6) 40. Ng2 Qc1 41. Qf3 $2 (41. h4 $11) 41... g5 $19 {[%emt 0:00:06] Hoping for ...Qb2.} 42. h4 (42. Qf2 $17) 42... gxh4 $2 ({Better is} 42... Qb2 $19 {aiming for ...Ng6.} 43. Qd3 (43. hxg5 $2 Ng6 $19) 43... Kd7) 43. Qxf4 $16 (43. Nxf4+ $6 Kd7 $14) 43... Qa3 (43... Qxf4+ $2 44. Nxf4+ Kd7 45. Kh3 $18) (43... Qc2 $16 44. Qf6+ Kd7) 44. Nxh4 $18 Qxa4 45. Qf6+ (45. Nf3 Qxb5 46. Kh3 (46. Ng5+ Kd7 $11) 46... Kd7 $11) 45... Kd7 46. Qd6+ (46. Qxf7 Qc2+ 47. Kg3 Qd3+ 48. Nf3 Qg6 $16) 46... Ke8 47. Qb8+ Kd7 48. Qxb7+ Ke8 49. Qb8+ Kd7 50. Nf3 (50. b6 $142 {White wants to mate with Qc7+.} Qc6 51. Qa7+ Kd8 52. b7 Qc2+ 53. Kg3 (53. Ng2 Qh7+ 54. Kg1 Qb1+ 55. Kf2 Qc2+ 56. Kf3 Qe4+ 57. Kg3 Qd3+ 58. Kf4 Qd2+ 59. Kg3 Qd3+ 60. Kh4 Qh7+ 61. Kg5 Qg6+ 62. Kh4 Qh7+ 63. Kg5 Qg6+ 64. Kh4 Qh7+ $11) 53... Qc3+ 54. Nf3) 50... Qc2+ 51. Kg3 {[%emt 0:00:04] b6 is the strong threat.} Qc7 {[%emt 0:00:07] Inhibits b6.} 52. Qf8 a4 53. Qxf7 a3 {[%emt 0:00:00] Threatens to win with ...a2.} 54. Qf6 a2 55. Qa6 Qc2 56. e6+ Kd8 57. Qa8+ (57. Qd6+ $142 Kc8 58. Qxe7 Qc7+ 59. Qxc7+ Kxc7 60. b6+ Kxb6 61. e7) 57... Nc8 58. Qxd5+ (58. b6 $142 Ke7 59. b7 (59. Qxd5 Nd6 $16) 59... Qc7+ 60. Ne5 Qc3+ 61. Kh4) 58... Kc7 {[%emt 0:00:01] [#]} 59. Qa8 $1 Qb2 60. Qc6+ Kb8 61. b6 $1 Qxb6 62. Qxb6+ Nxb6 {[%emt 0:00:01] KN-KN} 63. e7 a1=Q 64. e8=Q+ {[%emt 0:00:01] KQN-KQN} (64. e8=B $2 {too greedy.} Qc1 65. Bb5 Nd5 $19) 64... Kc7 65. Qe5+ Kd7 66. Qb5+ Kc7 67. Qc5+ Kb7 68. g5 {[%emt 0:00:04] Intending g6 and mate.} Qb1 {[%emt 0:00:06] Prevents g6.} 69. Qe7+ Kc8 70. Qe6+ {[%emt 0:00:02] White mates.} Kc7 71. g6 Nd7 72. g7 Qh7 73. g8=Q {[%emt 0:00:04] Never resign too early!   Weighted Error Value: White=0.37/Black=0.43} 1-0

[Event "1st Kallai Gabor Memorial 2022"]
[Site "Budapest"]
[Date "2022.11.30"]
[Round "8.1"]
[White "Motylev, Alexander"]
[Black "Kozak, Adam"]
[Result "1/2-1/2"]
[ECO "C65"]
[WhiteElo "2628"]
[BlackElo "2538"]
[Annotator "TA"]
[PlyCount "75"]
[EventDate "2022.11.28"]
[EventType "tourn"]
[EventCountry "HUN"]
[SourceTitle "playchess.com"]
[Source "ChessBase"]
[SourceQuality "1"]
[TimeControl "1500+5"]

1. e4 e5 2. Nf3 Nc6 3. Bb5 Nf6 4. d3 Bc5 5. Bxc6 dxc6 6. Nbd2 {[%emt 0:00:04] C65: Ruy Lopez: Berlin Defence (3...Nf6), unusual lines and 4 0-0 Bc5.} Be6 7. O-O Bd6 8. d4 {[%emt 0:00:28] White has an edge. 8.Nb3 is the modern continuation.} Nd7 9. dxe5 Nxe5 10. Nxe5 Bxe5 11. f4 {[%emt 0:00:02] Against f6} Bd4+ 12. Kh1 f5 13. Qh5+ g6 14. Qe2 {[%emt 0:00:02] [#] Threatens to win with exf5.} O-O 15. Rd1 {[%emt 0:00:10] aiming for Nb3.} Bf6 16. Nf3 Qe8 17. e5 Be7 18. Nd4 {[%emt 0:00:28] Inhibits c5.} Qf7 19. Nxe6 Qxe6 20. Be3 Rfd8 {[%emt 0:02:22] [#]} 21. a4 $146 ({Predecessor:} 21. c4 a6 22. b3 Kf7 23. h3 Ke8 24. a4 Rxd1+ 25. Rxd1 Rd8 26. Rxd8+ Kxd8 27. Qf2 {½-½ (35) Saric,I (2668)-Rapport,R (2754) Mayrhofen 2022}) 21... a5 22. h3 (22. b3 {simplifies} Rxd1+ 23. Rxd1 Rd8 24. Rxd8+ Bxd8 25. c4) 22... Kf7 23. b3 b6 24. c4 Ke8 25. Bf2 Rab8 26. Qc2 Rxd1+ 27. Rxd1 Rd8 28. Rxd8+ Bxd8 $11 {[%emt 0:00:02][%mdl 4096] Endgame KQB-KQB} 29. Qd1 Be7 30. g4 fxg4 {The position is equal.} 31. hxg4 g5 32. Qd3 Qxg4 33. f5 Qh5+ 34. Kg2 Qg4+ 35. Kh2 Qh5+ 36. Kg2 Qg4+ 37. Kh2 Qh5+ 38. Kg2 {[%emt 0:00:16] Weighted Error Value: White=0.04 (flawless) /Black=0.04 (flawless)} 1/2-1/2